 Dungeon Crawl Stone Soup version 0.22.1-2-g9c5b331383 (webtiles) character file.

179 Ihlosi the Skirmisher (level 5, -6/43 HPs)
             Began as a Human Gladiator on Nov 17, 2018.
             Mangled by a gnoll
             ... wielding a +1 vampiric halberd
              (9 damage)
             ... on level 3 of the Dungeon.
             The game lasted 00:05:49 (2473 turns).

Ihlosi the Skirmisher (Human Gladiator)             Turns: 2473, Time: 00:05:49

Health: -6/43      AC:  6    Str: 15    XL:     5   Next: 90%
Magic:  5/5        EV: 13    Int:  8    God:
Gold:   164        SH:  0    Dex: 15    Spells: 4/4 levels left

rFire    . . .     SeeInvis .   a - +0 long sword
rCold    + . .     Gourm    .   (no shield)
rNeg     . . .     Faith    .   b - +0 leather armour
rPois    .         Spirit   .   c - +0 helmet
rElec    .         Reflect  .   (no cloak)
rCorr    .         Harm     .   l - +1 pair of gloves
MR       .....                  (no boots)
Stlth    ++........             (no amulet)
HPRegen  0.14/turn              e - ring of protection from cold
MPRegen  0.09/turn              (no ring)

@: no status effects
A: no striking features
a: no special abilities


You were on level 3 of the Dungeon.
You were not hungry.

You visited 1 branch of the dungeon, and saw 3 of its levels.

You collected 164 gold pieces.

Inventory:

Hand Weapons
 a - a +0 long sword (weapon)
Missiles
 d - 3 throwing nets (quivered)
 m - 26 bolts
Armour
 b - a +0 leather armour (worn)
 c - a +0 helmet (worn)
 l - a +1 pair of gloves (worn)
Jewellery
 e - a ring of protection from cold (left hand)
Scrolls
 g - 5 scrolls of remove curse
 h - a scroll of noise {unknown}
 r - a scroll of blinking {unknown}
 s - a scroll of fear {unknown}
Potions
 i - a potion of magic
 n - 2 potions of flight
 p - a potion of brilliance {unknown}
Comestibles
 f - 8 rations
 q - a chunk of flesh


   Skills:
 * Level 4.7 Fighting
 + Level 3.4 Long Blades
 - Level 2.0 Throwing
 * Level 1.7 Armour
 - Level 3.0 Dodging
 - Level 1.0 Stealth


You had 4 spell levels left.
You didn't know any spells.
Your spell library was empty.

Dungeon Overview and Level Annotations

Branches:
Dungeon (3/15)

Altars:
Ashenzari


Message History

You hit the gnoll.
The gnoll is severely wounded.
The gnoll barely misses you. The gnoll closely misses you.
You hit the gnoll.
You kill the gnoll!
The gnoll closely misses you.
The gnoll hits you with a vampiric halberd!
The gnoll completely misses you.
Things that are here:
a flail; a gnoll corpse x2
You hit the gnoll but do no damage. The gnoll barely misses you.
The gnoll hits you from afar with a halberd!
* * * LOW HITPOINT WARNING * * *
You slash the gnoll!
The gnoll is heavily wounded.
The gnoll closely misses you.
The gnoll hits you from afar with a halberd.
* * * LOW HITPOINT WARNING * * *
The gnoll hits you from afar with a vampiric halberd!
You die...

.... +.........#
...# #.........#
.... #.........#
...# #.........#
...# ###+#'#####
.... #g# .#># #g#
.#.# ### #)#
.#.#... #@#
.#.#.##### ###.#
.......... #...#
##.###########.###
#.............#
###############


You could see 2 gnolls.

Vanquished Creatures
  A centaur skeleton (D:2)
  5 adders
  2 gnolls (D:3)
  An ooze (D:1)
  A worm (D:2)
  2 dart slugs (D:1)
  3 leopard geckos
  7 bats
  7 giant cockroaches
  7 goblins
  6 hobgoblins
  5 jackals (D:1)
  A ball python (D:3)
  6 frilled lizards
  9 kobolds
  8 rats
71 creatures vanquished.

Notes
Turn   | Place    | Note
-------+----------+-------------------------------------------
     0 | D:1      | Ihlosi the Human Gladiator began the quest for the Orb.
     0 | D:1      | Reached XP level 1. HP: 16/16 MP: 1/1
    79 | D:1      | Reached XP level 2. HP: 22/22 MP: 2/2
   176 | D:1      | Reached skill level 1 in Stealth
   182 | D:1      | Reached skill level 1 in Armour
   265 | D:1      | Reached XP level 3. HP: 7/28 MP: 3/3
   546 | D:1      | Reached skill level 3 in Fighting
  1107 | D:2      | Reached XP level 4. HP: 27/35 MP: 4/4
  1254 | D:2      | Reached skill level 4 in Fighting
  1281 | D:2      | Reached XP level 5. HP: 15/43 MP: 5/5
  2052 | D:3      | Found a shattered altar of Ashenzari.
  2473 | D:3      | Mangled by a gnoll

Skill      XL: |  1  2  3  4 |
---------------+-------------+-----
Stealth        | 1 |  1.0
Armour         | 1 |  1.7
Fighting       | 3 4 |  4.7
Long Blades    | |  3.4
Throwing       | |  2.0
Dodging        | |  3.0

Action                   |  1- 3 |  4- 6 || total
-------------------------+-------+-------++-------
Melee: Long sword        |    92 |   111 ||   203
  Use: Scroll            |       |     5 ||     5
       Potion            |       |     1 ||     1
 Stab: Sleeping          |     4 |     2 ||     6
  Eat: Chunk             |       |     5 ||     5
Armor: Leather armour    |    32 |    40 ||    72
Dodge: Dodged            |    85 |   113 ||   198
       Rpst.: Long sword |    23 |    32 ||    55
